 Dungeon Crawl Stone Soup version 0.29.1-15-g9cfb28693d (webtiles) character file.

Game seed: 8164649060646132206

34319 Peloso the Fencer (level 13, -1/119 HPs)
             Began as a Minotaur Fighter on Mar 3, 2023.
             Was the Champion of Okawaru.
             Slain by a water moccasin (6 damage)
             ... on level 2 of the Lair of Beasts.
             The game lasted 00:48:12 (19389 turns).

Peloso the Fencer (Minotaur Fighter)               Turns: 19389, Time: 00:48:13

Health: -1/119     AC: 28    Str: 26    XL:     13   Next: 41%
Magic:  6/14       EV:  7    Int:  5    God:    Okawaru [******]
Gold:   1323       SH: 12    Dex: 13    Spells: 12/12 levels left

rFire   + . .      SeeInvis .   b - +2 trident (flame)
rCold   + + +      Faith    .   d - +0 buckler
rNeg    . . .      Spirit   .   R - +1 crystal plate armour {rC+}
rPois   .          Reflect  +   h - +0 hat
rElec   .          Harm     .   S - scarf {rC+ rF+}
rCorr   .          Rampage  .   v - +0 pair of gloves {Str+3}
Will    .....                   (no boots)
Stlth   ..........              k - amulet of reflection
HPRegen 0.29/turn               B - ring of protection from cold
MPRegen 0.14/turn               l - +4 ring of protection

@: about to teleport
A: horns 2, retaliatory headbutt
a: Renounce Religion, Heroism, Finesse, Duel


You were on level 2 of the Lair of Beasts.
You worshipped Okawaru.
Okawaru was exalted by your worship.
You visited 3 branches of the dungeon, and saw 14 of its levels.
You also visited: Sewer, Bailey and Ice Cave.

You collected 1323 gold pieces.

Inventory:

Hand Weapons
 a - the +6 falchion "Zyraf" {antimagic, rF+ rCorr Dex+5 Stlth-}
   (Okawaru gifted it to you on level 10 of the Dungeon)

   It reduces the magical energy of the wielder, and disrupts the spells and
   magical abilities of those it strikes.
   Natural abilities and divine invocations are not affected.
   Dex:       It affects your dexterity (+5).
   rF:        It protects you from fire.
   rCorr:     It protects you from acid and corrosion.
   Stlth:     It makes you less stealthy.
 b - a +2 trident of flaming (weapon)
 c - a +4 demon blade of venom
 Q - the +5 rapier of Patience {freeze, rF++ rCorr Int-2 Stlth+}
   (You found it on level 2 of the Lair of Beasts)

   It freezes those it strikes, dealing additional cold damage.
   It can also slow down cold-blooded creatures.
   Int:       It affects your intelligence (-2).
   rF:        It greatly protects you from fire.
   rCorr:     It protects you from acid and corrosion.
   Stlth:     It makes you more stealthy.
Missiles
 L - 4 throwing nets (quivered)
Armour
 d - a +0 buckler (worn)
 h - a +0 hat (worn)
 v - a +0 pair of gloves of strength (worn)
 y - a +0 plate armour
 F - a +0 cloak
 R - a +1 crystal plate armour of cold resistance (worn)
 S - a scarf of resistance (worn)
Jewellery
 g - a ring of protection from fire
 k - an amulet of reflection (around neck)
 l - a +4 ring of protection (right hand)
 n - a ring of positive energy
 B - a ring of protection from cold (left hand)
 I - a ring of protection from cold
 M - the ring "Vompie" {rF++ Int+6}
   (You found it on level 10 of the Dungeon)

   [ring of intelligence]

   Int:       It affects your intelligence (+6).
   rF:        It greatly protects you from fire.
 O - an amulet of guardian spirit
Wands
 f - a wand of charming (11)
 p - a wand of light (6)
 q - a wand of polymorph (4)
 s - a wand of digging (14)
 A - a wand of flame (26)
 U - a wand of mindburst (8)
Scrolls
 i - 4 scrolls of summoning
 z - 4 scrolls of amnesia
 D - 4 scrolls of immolation
 E - 2 scrolls of fear
 G - 3 scrolls of enchant armour
 J - 2 scrolls of magic mapping
 P - a scroll of teleportation
 T - a scroll of enchant weapon
Potions
 e - a potion of might
 j - 2 potions of cancellation
 m - a potion of haste
 r - 2 potions of heal wounds
 t - 2 potions of mutation
 u - 2 potions of flight
 w - 2 potions of resistance
 x - 5 potions of curing
 C - a potion of experience
 K - a potion of invisibility
 N - a potion of brilliance
Miscellaneous
 H - a phial of floods


   Skills:
 + Level 12.3 Fighting
 + Level 3.0(9.7) Short Blades
 + Level 15.5(15.6) Long Blades
 + Level 1.1 Polearms
 + Level 13.1 Armour
 + Level 5.0 Dodging
 + Level 1.5 Stealth
 + Level 13.6 Shields
 + Level 3.1 Invocations
 + Level 0.2 Evocations


You had 12 spell levels left.
You didn't know any spells.
Your spell library contained the following spells:

 Spells                   Type           Power      Damage    Failure   Level
 Apportation              Tloc           0%         N/A       100%        1
 Necrotise                Necr           0%         1d4       100%        1
 Blink                    Tloc           0%         N/A       100%        2
 Ensorcelled Hibernation  Hex/Ice        0%         N/A       100%        2
 Passwall                 Tmut/Erth      0%         N/A       100%        2
 Ozocubu's Armour         Ice            0%         N/A       100%        3
 Stone Arrow              Conj/Erth      0%         3d7       100%        3
 Swiftness                Air            0%         N/A       100%        3
 Cause Fear               Hex            0%         N/A       100%        4
 Olgreb's Toxic Radiance  Pois           0%         N/A       100%        4
 Alistair's Intoxication  Tmut/Pois      0%         N/A       100%        5
 Manifold Assault         Tloc           0%         N/A       100%        5
 Conjure Ball Lightning   Conj/Air       0%         3x3d6     100%        6
 Dragon Form              Tmut           0%         N/A       100%        7
 Ozocubu's Refrigeration  Ice            0%         4d7       100%        7
 Storm Form               Tmut/Air       0%         N/A       100%        7
 Discord                  Hex            0%         N/A       100%        8
 Disjunction              Tloc           0%         N/A       100%        8
 Ignition                 Fire           0%         3d3       100%        8
 Lehudib's Crystal Spear  Conj/Erth      0%         10d2      100%        8
 Summon Small Mammal      Summ           Unusable   N/A       N/A         1
 Animate Armour           Summ/Erth      Unusable   N/A       N/A         4
 Dragon's Call            Summ           Unusable   N/A       N/A         9

Dungeon Overview and Level Annotations

Branches:
Dungeon (11/15)            Temple (1/1) D:6            Lair (2/5) D:9
  Swamp (0/4) Lair:2          Orc (0/2) D:11          Sewer (visited)
 Bailey (visited)           IceCv (visited)
  Snake: Lair:2-3    Spider: Lair:2-3

Altars:
Ashenzari
Cheibriados
Dithmenos
Elyvilon
Fedhas
Gozag
Hepliaklqana
Kikubaaqudgha
Okawaru
Qazlal
Ru
Trog
Wu Jian
Xom
Yredelemnul
Zin

Annotations:
D:4 1 runed translucent door, ababab's ghost, amateur FeEn


Innate Abilities, Weirdness & Mutations

You have a pair of horns on your head.
You reflexively headbutt those who attack you in melee.


Message History

The seven-headed hydra bites you. The seven-headed hydra bites you!
The seven-headed hydra bites you but does no damage. x2
The seven-headed hydra closely misses you.
The seven-headed hydra bites you but does no damage.
The water moccasin bites you but does no damage.
You block the cane toad's attack. The seven-headed hydra bites you.
* * * LOW HITPOINT WARNING * * *
The seven-headed hydra barely misses you.
You block the seven-headed hydra's attack.
The seven-headed hydra closely misses you.
The seven-headed hydra bites you.
* * * LOW HITPOINT WARNING * * *
The seven-headed hydra completely misses you.
The seven-headed hydra bites you!
* * * LOW HITPOINT WARNING * * *
Unknown command.
Blink to where?
Press: ? - help, Dir - move target
As you read the scroll of blinking, it crumbles to dust.
You feel sick.
As you read the scroll of teleportation, it crumbles to dust.
You feel strangely unstable.
You feel sick.
You feel sick.
You feel sick.
You feel sick.
Your surroundings suddenly seem different.
You feel sick.
Unknown command.
Unknown command.
As you read the scroll of teleportation, it crumbles to dust.
You feel strangely unstable.
You feel sick.
You are no longer poisoned.
You block the catoblepas's attack.
Unknown command.
You puncture the catoblepas! You burn the catoblepas.
The catoblepas is lightly wounded.
A nearby plant withers and dies.
The catoblepas gores you!
* * * LOW HITPOINT WARNING * * *
The water moccasin bites you.
You die...

.......................
.........##....P##......
.......#.#.....####.....
.......#.#P....#.#......
..............>...#.....
.#......................
.......................
...............Y.......
.............DS@...#..
.............F...###
................##
................#
#....^..##....## #...#
#..... #...###....#
~~.##..........#
~~~~..........##


You could see a catoblepas, a seven-headed hydra, a cane toad and a water
moccasin.

Vanquished Creatures
  Gastronok (D:8)
  An orc warlord (Bailey)
  A boulder beetle (Lair:2)
  A two-headed ogre (D:10)
  A catoblepas (Lair:1)
  A hydra (Lair:1)
  4 death yaks (Lair:2)
  Sonja (D:11)
  9 skeletal warriors
  Pikel (D:5)
  An orc knight (Bailey)
  A bog body (IceCv)
  A necromancer (IceCv)
  2 ice statues (IceCv)
  A black mamba (Lair:2)
  2 cane toads
  3 kobold demonologists
  A rime drake (Lair:1)
  3 komodo dragons
  An unseen horror (D:11)
  An anaconda simulacrum (IceCv)
  7 ice devils
  A troll (D:9)
  A tyrant leech (Lair:2)
  9 blink frogs
  The ghost of Voland the Gusty, an amateur TeAE (D:3)
  2 shadows (D:9)
  3 wraiths
  A wyvern (D:8)
  4 dire elephant simulacra (IceCv)
  11 yaks
  3 steam dragons (D:8)
  3 harpy simulacra (IceCv)
  A swamp worm (Lair:2)
  6 water moccasins
  2 hydra simulacra (IceCv)
  4 acid dragons
  12 orc warriors
  Pargi (Sewer)
  3 ice beasts
  A sky beast (D:6)
  3 centaurs
  3 ogres
  12 wolves
  2 lemures (D:5)
  A phantom (D:5)
  4 kobold brigands
  Blork the orc (D:5)
  2 gnoll sergeants (D:10)
  7 bullfrogs
  A two-headed ogre simulacrum (IceCv)
  4 scorpions
  4 necrophages
  A cane toad simulacrum (IceCv)
  23 wights
  14 killer bees
  An elephant simulacrum (IceCv)
  3 vampire bats (D:3)
  An electric eel (Lair:2)
  A howler monkey (D:7)
  3 jellies
  3 bullfrog skeletons (D:3)
  3 orc priests
  2 hounds
  4 iguanas
  10 orc wizards
  A troll simulacrum (IceCv)
  A spriggan simulacrum (IceCv)
  A wolf simulacrum (IceCv)
  Robin (D:2)
  15 gnolls
  9 adders
  A naga simulacrum (IceCv)
  2 shadow imps
  A worm (D:5)
  2 dart slugs
  53 orcs
  4 endoplasms
  5 giant cockroaches
  24 hobgoblins
  4 jackals
  21 kobolds
  4 quokkas
  7 ball pythons
  5 bats
  3 frilled lizards (D:2)
  21 goblins
  3 rats (D:1)
415 creatures vanquished.

Vanquished Creatures (others)
  3 fungi (Lair:2)
  9 plants
12 creatures vanquished.

Grand Total: 427 creatures vanquished

Notes
Turn   | Place    | Note
-------+----------+-------------------------------------------
     0 | D:1      | Peloso the Minotaur Fighter began the quest for the Orb.
     0 | D:1      | Reached XP level 1. HP: 19/19 MP: 0/0
   268 | D:1      | Reached XP level 2. HP: 27/27 MP: 1/1
   426 | D:1      | Found a faded altar of an unknown god.
  1060 | D:2      | Noticed Robin
  1073 | D:2      | Reached XP level 3. HP: 18/33 MP: 2/2
  1073 | D:2      | Killed Robin
  1074 | D:2      | Reached skill level 1 in Dodging
  1089 | D:2      | Reached skill level 3 in Long Blades
  1459 | D:2      | Reached XP level 4. HP: 29/40 MP: 3/3
  1927 | D:3      | Found a runed translucent gate.
  1929 | D:3      | Found a runed translucent gate.
  1930 | D:3      | Found a runed translucent gate.
  1933 | D:3      | Noticed Voland's ghost (amateur TeAE)
  1999 | D:3      | Reached skill level 4 in Long Blades
  1999 | D:3      | Reached XP level 5. HP: 45/47 MP: 4/4
  2011 | D:3      | Reached skill level 5 in Armour
  2167 | D:3      | Found a sacrificial altar of Ru.
  2499 | D:4      | Reached XP level 6. HP: 53/53 MP: 5/5
  2579 | D:4      | You fall into a shaft and drop 3 floors!
  2582 | D:7      | Noticed an ice beast
  2585 | D:6      | Noticed a water moccasin
  2592 | D:6      | Killed a water moccasin
  2593 | D:6      | Reached skill level 5 in Long Blades
  2694 | D:6      | Found a staircase to the Ecumenical Temple.
  2703 | Temple   | Entered the Ecumenical Temple
  2752 | Temple   | Became a worshipper of Warmaster Okawaru
  2860 | Temple   | Reached skill level 5 in Fighting
  2959 | D:6      | Reached XP level 7. HP: 32/61 MP: 6/6
  3329 | D:6      | Reached skill level 6 in Long Blades
  3342 | D:6      | Reached * piety under Okawaru
  3383 | D:6      | Reached skill level 5 in Shields
  3662 | D:6      | Reached skill level 7 in Long Blades
  3896 | D:5      | Entered Level 5 of the Dungeon
  3919 | D:5      | Reached XP level 8. HP: 62/69 MP: 7/7
  4015 | D:5      | Found a glowing drain.
  4036 | Sewer    | Entered a sewer
  4087 | Sewer    | Noticed Pargi
  4104 | Sewer    | Killed Pargi
  4183 | D:5      | Noticed Pikel
  4204 | D:5      | Killed Pikel
  4204 | D:5      | Reached ** piety under Okawaru
  4205 | D:5      | Reached skill level 8 in Long Blades
  4376 | D:5      | Reached skill level 9 in Long Blades
  4404 | D:5      | Reached XP level 9. HP: 75/75 MP: 8/8
  4579 | D:5      | Found a faded altar of an unknown god.
  4579 | D:5      | Found a faded altar of an unknown god.
  4579 | D:5      | Found a hazy altar of Hepliaklqana.
  4619 | D:5      | Found a faded altar of an unknown god.
  4761 | D:5      | Noticed Blork the orc
  4769 | D:5      | Killed Blork the orc
  5507 | D:4      | Reached *** piety under Okawaru
  5626 | D:4      | Found a runed translucent door.
  5626 | D:4      | Noticed ababab's ghost (amateur FeEn)
  6256 | D:3      | Killed Voland's ghost
  6257 | D:3      | Reached skill level 10 in Long Blades
  6396 | D:7      | Found an opulent altar of Gozag.
  6432 | D:7      | Reached skill level 1 in Stealth
  6576 | D:7      | Reached skill level 11 in Long Blades
  6764 | D:7      | Reached **** piety under Okawaru
  7174 | D:8      | Noticed Gastronok
  7191 | D:8      | Killed Gastronok
  7191 | D:8      | Reached ***** piety under Okawaru
  7192 | D:8      | Reached XP level 10. HP: 30/86 MP: 7/9
  7244 | D:8      | Found a broken altar of Ashenzari.
  7255 | D:8      | Found a glowing silver altar of Zin.
  7257 | D:8      | Found a bloodstained altar of Trog.
  7262 | D:8      | Found a flagged portal.
  7368 | Bailey   | Entered a bailey
  7609 | Bailey   | Reached skill level 12 in Long Blades
  7823 | Bailey   | Noticed an orc knight
  7836 | Bailey   | Killed an orc knight
  8368 | Bailey   | Noticed an orc warlord
  8437 | Bailey   | Killed an orc warlord
  8437 | Bailey   | Received a gift from Okawaru
  8438 | Bailey   | Reached skill level 1 in Invocations
  8441 | Bailey   | Reached skill level 13 in Long Blades
  8710 | Bailey   | Identified the +2 battleaxe "Orb Guardian's Regret"
                  | {vorpal, Int+7 Dex-5 Stlth+}
  8946 | D:8      | Reached XP level 11. HP: 80/90 MP: 11/11
  9169 | D:8      | Reached skill level 10 in Armour
  9975 | D:9      | Found an ornate altar of the Wu Jian Council.
 10010 | D:9      | Received a gift from Okawaru
 10924 | D:9      | Found a shadowy altar of Dithmenos.
 10986 | D:9      | Found a staircase to the Lair.
 10999 | D:9      | Reached skill level 10 in Shields
 11866 | D:9      | Found a blossoming altar of Fedhas.
 11986 | D:10     | Entered Level 10 of the Dungeon
 12664 | D:10     | Noticed a two-headed ogre
 12674 | D:10     | Killed a two-headed ogre
 12674 | D:10     | Identified the +6 falchion "Zyraf" {antimagic, rF+ rCorr
                  | Dex+5 Stlth-} (Okawaru gifted it to you on level 10 of the
                  | Dungeon)
 12674 | D:10     | Received a gift from Okawaru
 12675 | D:10     | Reached skill level 14 in Long Blades
 12822 | D:10     | Found an ancient bone altar of Kikubaaqudgha.
 12844 | D:10     | Identified the ring "Vompie" {rF++ Int+6}
 13258 | D:11     | Noticed Sonja
 13263 | D:11     | Killed Sonja
 13737 | D:11     | Found a staircase to the Orcish Mines.
 14008 | D:11     | Noticed a skeletal warrior
 14018 | D:11     | Noticed a skeletal warrior
 14019 | D:11     | Noticed a skeletal warrior
 14042 | D:11     | Killed a skeletal warrior
 14043 | D:11     | Reached skill level 10 in Fighting
 14043 | D:11     | Reached XP level 12. HP: 64/106 MP: 2/12
 14400 | D:11     | Identified the +6 triple sword of Malaise {vamp, Int+3}
                  | (Okawaru gifted it to you on level 11 of the Dungeon)
 14400 | D:11     | Received a gift from Okawaru
 15671 | Lair:1   | Entered Level 1 of the Lair of Beasts
 15692 | Lair:1   | Reached ****** piety under Okawaru
 15693 | Lair:1   | Reached skill level 5 in Dodging
 15827 | Lair:1   | Noticed a five-headed hydra
 15835 | Lair:1   | Killed a five-headed hydra
 15835 | Lair:1   | Received a gift from Okawaru
 16143 | Lair:1   | Noticed a catoblepas
 16165 | Lair:1   | Killed a catoblepas
 16934 | Lair:2   | Noticed a boulder beetle
 16957 | Lair:2   | Reached skill level 1 in Polearms
 17017 | Lair:2   | Killed a boulder beetle
 17018 | Lair:2   | Reached skill level 15 in Long Blades
 17035 | Lair:2   | Identified the +5 rapier of Patience {freeze, rF++ rCorr
                  | Int-2 Stlth+}
 17163 | Lair:2   | Found a frozen archway.
 17195 | IceCv    | Entered an ice cave
 17427 | IceCv    | Reached XP level 13. HP: 117/117 MP: 4/13
 17949 | IceCv    | Reached skill level 1 in Short Blades
 18891 | Lair:2   | Identified the +6 great sword of Defiance {protect, *Slow
                  | Str+4 Int+2} (Okawaru gifted it to you on level 2 of the
                  | Lair of Beasts)
 18891 | Lair:2   | Received a gift from Okawaru
 19177 | Lair:2   | Found a staircase to the Swamp.
 19389 | Lair:2   | HP: 5/119 [catoblepas (13)]
 19389 | Lair:2   | Slain by a water moccasin

Illustrated notes

Levels and vault maps discovered:
D:1:      dpeg_arrival_morbid_curiosity, layout_loops_ring,
          basic_ecumenical_altar
D:2:      layout_basic, chequers_serial_rivers_small_3, uniq_robin
D:3:      layout_rooms, lemuel_round_altar, gammafunk_ghost_necromancy,
          roderic_batcave
D:4:      layout_gridville, gammafunk_ghost_grave, minmay_joined_circles
D:5:      layout_loops_corners, nicolae_hepliaklqana_ecumenical_no_more,
          gup_sewer_entry_glass, uniq_pikel, uniq_blork_the_orc
D:6:      lemuel_ice_spiral_2, layout_basic, minmay_temple_entry_mist
D:7:      layout_rooms, mainiacjoe_overflow_concentric_impassable
D:8:      hellmonk_crumbling_castle, layout_loops_ring, minitemple,
          enter_bailey_3, st_stairs_7, kennysheep_pointless_box, uniq_gastronok
D:9:      layout_stronghold, grunt_dithmenos_shadows,
          mainiacjoe_overflow_small_starburst, mainiacjoe_overflow_chevrons,
          david_lair_shrubbed, grunt_ogre_cave
D:10:     layout_basic, nicolae_kikubaaqudgha_miasma_corner
D:11:     layout_layer_cave, hiddenorc1_lemuel, eino_tiny_chamber, uniq_sonja
Temple:   minmay_temple_forest_path
Lair:1:   layout_cellular_growth
Lair:2:   layout_gridlike, minmay_swamp_entry_worms,
          portal_ice_cave_demonic_guard, minivault_11, worms_lemuel,
          serial_bayou_shore_a, infiniplex_staircase_pool

Skill      XL: |  1  2  3  4  5  6  7  8  9 10 11 12 13 |
---------------+----------------------------------------+-----
Armour         | 4 5 6 7 9 11 12 13 | 13.1
Fighting       | 4 5 6 7 8 10 11 12 | 12.3
Shields        | 4 5 6 8 9 11 12 13 | 13.6
Dodging        | 1 2 3 4 5 |  5.0
Long Blades    | 3 4 5 7 9 11 13 14 15 | 15.5
Stealth        | 1 |  1.5
Invocations    | 1 2 3 |  3.1
Polearms       | 1 |  1.1
Short Blades   | 3 |  3.0
Evocations     | |  0.2

Action                   |  1- 3 |  4- 6 |  7- 9 | 10-12 | 13-15 || total
-------------------------+-------+-------+-------+-------+-------++-------
Melee: Long sword        |    86 |    83 |   297 |       |       ||   466
       Headbutt          |     2 |    11 |    62 |   226 |    76 ||   377
       Punch             |     2 |       |       |       |       ||     2
       Falchion          |       |       |    42 |   967 |   194 ||  1203
       Trident           |       |       |       |     4 |     5 ||     9
       Rapier            |       |       |       |       |    46 ||    46
Invok: Heroism           |       |       |     3 |    24 |     5 ||    32
       Finesse           |       |       |       |     1 |       ||     1
Evoke: Wand              |       |       |       |     2 |       ||     2
  Use: Scroll            |     4 |     2 |    10 |     7 |     5 ||    28
       Potion            |     3 |       |     3 |     5 |       ||    11
Armor: Scale mail        |    77 |    53 |    78 |       |       ||   208
       Chain mail        |       |       |    68 |    23 |       ||    91
       Plate armour      |       |       |       |   265 |    41 ||   306
       Crystal plate arm |       |       |       |       |    49 ||    49
Dodge: Dodged            |    50 |    67 |   122 |   209 |    59 ||   507
Block: Buckler           |     3 |    18 |   200 |   453 |   108 ||   782
       Reflection        |       |       |     8 |     9 |     1 ||    18
